 Dungeon Crawl Stone Soup version 0.20-a0-1117-g62da73f (webtiles) character file.

712260 Alarkh the Axe Maniac (level 27, -8/424 (426) HPs)
             Began as a Demonspawn Berserker on May 4, 2017.
             Was the Champion of Kikubaaqudgha.
             Killed by a greater mummy's death curse (24 damage)
             ... on level 1 of the Tomb of the Ancients on May 9, 2017.
             The game lasted 03:08:27 (80354 turns).

Alarkh the Axe Maniac (Demonspawn Berserker)       Turns: 80354, Time: 03:08:28

HP:   -8/424 (426)  AC: 37    Str: 23    XL:     27
MP:   37/37         EV: 27    Int: 22    God:    Kikubaaqudgha [******]
Gold: 6384          SH:  0    Dex: 14    Spells: 28/54 levels left

rFire    + . .     SeeInvis +   a - +9 executioner's axe (elec)
rCold    . . .     Gourm    .   (shield currently unavailable)
rNeg     + . .     Faith    +   P - +7 fire dragon scales
rPois    +         Spirit   .   Y - +2 helmet
rElec    +         Reflect  .   y - +0 cloak {MR+}
rCorr    .         Harm     .   V - +4 pair of gloves of Distant Shores {rElec rN+}
MR       +++++     Rnd*Rage +   (boots unavailable)
Stlth    ..........             K - amulet of faith
Regen    0.8/turn               j - ring "Aqun" {Ice +Fly MR++ Dex-2 Slay+4}
MPRegen  0.3/turn               q - +6 ring of evasion

@: berserking (expiring), flayed, slowed, studying Dodging
A: talons 3, slimy green scales 3, see invisible, agile 1, berserk 1, clever 1,
low mp 1, nightstalker 3, poison resistance, powered by death 3, robust 3,
shaggy fur 1, MP-powered wands
}: 4/15 runes: decaying, silver, abyssal, gossamer
a: Receive Corpses, Torment, Renounce Religion, Evoke Flight


You were on level 1 of the Tomb of the Ancients.
You worshipped Kikubaaqudgha.
Kikubaaqudgha was exalted by your worship.
You were very hungry.

You visited 12 branches of the dungeon, and saw 51 of its levels.
You visited the Abyss 4 times.
You visited 1 bazaar.
You also visited: Trove and Ice Cave.

You collected 8402 gold pieces.
You spent 2018 gold pieces at shops.

Inventory:

Hand Weapons
 a - a +9 executioner's axe of electrocution (weapon)
 b - a +3 battleaxe of flaming
Armour
 t - +0 fire dragon scales
 w - the +2 ring mail of the Guilds {+Blink rF+ Int+6 Dex+3}
   (You found it on level 3 of the Crypt)

   It affects your intelligence (+6).
   It affects your dexterity (+3).
   It protects you from fire.
   It lets you blink.
 y - a +0 cloak of magic resistance (worn)
 P - +7 fire dragon scales (worn)
 V - the +4 pair of gloves of Distant Shores (worn) {rElec rN+}
   (You acquired it on level 2 of the Lair of Beasts)

   It insulates you from electricity.
   It protects you from negative energy.
 Y - a +2 helmet (worn)
Jewellery
 f - an uncursed ring of flight
 j - the ring "Aqun" (left hand) {Ice +Fly MR++ Dex-2 Slay+4}
   (You found it on level 4 of the Depths)

   [ring of ice]

   It enhances your ice magic.
   It affects your dexterity (-2).
   It affects your accuracy and damage with ranged weapons and melee attacks
   (+4).
   It makes you vulnerable to fire.
   It protects you from cold.
   It affects your resistance to hostile enchantments.
   It lets you fly.
 q - a +6 ring of evasion (right hand)
 s - the ring of Iranengo {*Contam rF+ MP+9 Dex+3 SInv}
   (You found it on level 5 of the Vaults)

   [ring of protection from fire]

   It affects your dexterity (+3).
   It protects you from fire.
   It affects your magic capacity (+9).
   It lets you see invisible.
   It causes magical contamination when unequipped.
 u - the ring "Xeisch Seatye" {rPois rF+ rC+ Int-5 Stlth-}
   (You found it in a treasure trove)

   [ring of loudness]

   It affects your intelligence (-5).
   It protects you from fire.
   It protects you from cold.
   It protects you from poison.
   It makes you less stealthy.
 K - an amulet of faith (around neck)
Wands
 d - a wand of clouds (2/9)
Scrolls
 e - 16 scrolls of identify
 h - 11 scrolls of fog
 k - a scroll of acquirement
 m - 3 scrolls of amnesia
 n - 9 scrolls of recharging
 o - 17 scrolls of teleportation
 r - 27 scrolls of remove curse
 A - 6 scrolls of fear
 E - 9 scrolls of magic mapping
 G - 4 scrolls of blinking
Potions
 g - a potion of mutation
 i - 26 potions of curing
 l - a potion of resistance
 p - 7 potions of invisibility
 v - a potion of magic
 x - 4 potions of haste
 B - 2 potions of might
 C - a potion of berserk rage
 H - 8 potions of heal wounds
 I - 6 potions of agility
 J - a potion of brilliance
 L - 5 potions of flight
Books
 z - a manual of Dodging
 D - the Collected Works on Entrancing Intoxication
   (You found it on level 3 of the Crypt)

   Spells                             Type                      Level
   a - Poisonous Vapours              Poison/Air                   2
   b - Inner Flame                    Hexes/Fire                   3
   c - Portal Projectile              Hexes/Translocation          3
   d - Fulminant Prism                Conjuration/Hexes            4
   e - Darkness                       Hexes                        6
Miscellaneous
 N - a crystal ball of energy
 O - 3 phantom mirrors
Comestibles
 c - 20 bread rations
 F - 3 fruits


   Skills:
 - Level 18.7 Fighting
 O Level 27 Axes
 - Level 17.6 Armour
 - Level 19.0 Dodging
 - Level 14.2 Stealth
 + Level 14.2 Spellcasting
 - Level 5.1 Summonings
 + Level 16.8 Necromancy
 + Level 11.3 Transmutations
 - Level 7.0 Evocations


You had 28 spell levels left.
You knew the following spells:

 Your Spells              Type           Power        Failure   Level  Hunger
a - Dispel Undead         Necr           ######..     1%          5    ###....
c - Haunt                 Necr/Summ      ######....   58%         7    ######.
e - Necromutation         Tmut/Necr      ######....   83%         8    #######
r - Darkness              Hex            ###.......   100%        6    #####..


Dungeon Overview and Level Annotations

Branches:
Dungeon (15/15)            Temple (1/1) D:6            Lair (6/6) D:8
  Swamp (4/4) Lair:3       Spider (4/4) Lair:4        Slime (0/5) Lair:6
    Orc (2/2) D:11            Elf (3/3) Orc:2        Vaults (5/5) D:13
  Crypt (3/3) Vaults:3       Tomb (2/3) Crypt:3      Depths (5/5) D:15
   Hell (1/1)                 Dis (0/7) Hell            Geh (0/7) Hell
    Coc (0/7) Hell            Tar (0/7) Hell            Zot (0/5) Depths:5

Altars:
Ashenzari
Cheibriados
Dithmenos
Elyvilon
Fedhas
Gozag
Hepliaklqana
Kikubaaqudgha
Makhleb
Nemelex Xobeh
Okawaru
Qazlal
Ru
Sif Muna
Trog
Uskayaw
Vehumet
Wu Jian
Xom
Yredelemnul
The Shining One
Beogh

Shops:
D:5 *   D:13 (   Orc:2 (*:[   Elf:1 (   Elf:3 :

Portals:
Hell: Depths:1 Depths:2 Depths:3 Depths:4 Depths:5
Abyss: Depths:3 Depths:4
Pandemonium: Depths:2 Depths:3 Depths:4
Ziggurat: Depths:4


Innate Abilities, Weirdness & Mutations

You have claws for feet.
You are completely covered in slimy green scales. (AC +4, rPois)
You are completely attuned to the shadows.
You regenerate a lot of health from kills.
You are extremely robust. (+30% HP)
You have supernaturally acute eyesight. (SInv)
You are agile. (Dex +2)
You tend to lose your temper in combat.
Your mind is acute. (Int +2)
Your magical capacity is low. (-10% MP)
Your system is resistant to poisons. (rPois)
You are covered in fur. (AC +1)
You expend magic power (3 MP) to strengthen your wands.


Message History

The flayed ghost misses you.
The greater mummy points at you and mumbles some strange words.
Something smites you!
* * * LOW HITPOINT WARNING * * *
You slash the greater mummy!
The greater mummy is severely damaged.
You barely miss the flayed ghost. You slice the stone giant!!
The greater mummy gestures at you while chanting.
Something smites you!
* * * LOW HITPOINT WARNING * * *
The stone giant hits you.
* * * LOW HITPOINT WARNING * * *
You chop the greater mummy into pieces!!!
You destroy the greater mummy!
Kikubaaqudgha accepts your kill.
You feel extremely nervous for a moment...
Kikubaaqudgha partially averts the curse.
You convulse helplessly as pain tears through your body!
You die...
Kikubaaqudgha rasps: "You have failed me!
Welcome... death!"

.'.............#..##..........#
.#[............#..##..........#
##....#######..#..##..........#
##....##...##..#..##..........#
......#.....#..#..##..........#
......'..#.>#..#..##..........#
......#...^.#..#..##..........#
......##...##..#..##..........#
......#######..#@W##..........#
...............#.C##..........#
################MM##..........#
...##..........#
...##..........# #..........#
####################..........#
..............................#
..............................#


You could see 2 greater mummies, a stone giant and a flayed ghost.

Vanquished Creatures
  4 ancient liches
  2 juggernauts (Depths:2)
  Boris (Tomb:1)
  Frederick (Depths:3)
  10 greater mummies
  Margery (Crypt:1)
  2 curse toes (Crypt:3)
  Jory (Tomb:1)
  Geryon (Hell)
  the Enchantress (Depths:3)
  A caustic shrike (Depths:2)
  Nikola (Swamp:1)
  A profane servitor (Abyss:3)
  A golden dragon (Vaults:5)
  7 bone dragons
  A hellephant (Abyss:2)
  A Hell Sentinel (Abyss:2)
  Jorgrun (Swamp:2)
  6 tentacled monstrosities
  Asterion (Spider:1)
  16 liches
  4 deep elf blademasters
  A deep elf master archer (Elf:3)
  7 titans
  An Executioner (Abyss:3)
  Frances (Swamp:2)
  8 ancient champions
  23 tentacled starspawn
  Kirke (Elf:1)
  Murray (Hell)
  3 thorn hunters
  An eldritch tentacle (Tomb:2)
  9 sphinxes
  5 revenants
  A tengu reaver (Vaults:5)
  6 storm dragons
  3 shadow dragons
  7 fire giants
  10 deep elf sorcerers
  Donald (Vaults:1)
  Roxanne (Swamp:2)
  6 frost giants
  Aizul (Elf:3)
  2 cacodemons (Abyss:1)
  2 iron dragons (Vaults:5)
  8 emperor scorpions
  A draconian knight (Abyss:3)
  2 balrugs
  9 ghost moths
  21 vault wardens
  2 curse skulls
  A caustic shrike zombie (Crypt:3)
  4 orc warlords
  3 ghouls
  A draconian stormcaller (Depths:5)
  49 very ugly things
  4 war gargoyles
  8 reapers
  45 stone giants
  8 deep elf elementalists
  2 ophanim (Abyss:3)
  3 entropy weavers
  5 spriggan defenders
  4 vampire knights
  5 green draconians
  16 ironheart preservers
  6 bennus (Tomb:2)
  5 deep elf annihilators (Elf:3)
  2 purple draconians (Depths:5)
  10 deep elf demonologists
  3 lorocyprocas
  A dire elephant (Lair:6)
  55 starcursed masses
  2 yellow draconians
  8 spark wasps
  18 ettins
  Josephine (Lair:6)
  15 jiangshi
  3 blizzard demons
  5 deep elf death magi
  2 green deaths
  Snorg (Lair:6)
  A merfolk impaler (Depths:3)
  13 fire dragons
  17 mummy priests
  8 deep elf high priests
  8 eidola
  Erolcha (Orc:2)
  11 great orbs of eyes
  16 yaktaur captains
  17 ice dragons
  37 vault guards
  5 hydras (Swamp:4)
  7 rakshasas
  2 ghost crabs (Swamp:4)
  2 anacondas (shapeshifter)
  A hell beast (Hell)
  6 spriggan air magi
  9 alligators
  2 catoblepae (Lair:6)
  6 death knights
  15 ogre magi
  9 centaur warriors
  9 tengu warriors
  53 two-headed ogres
  16 deep troll earth magi
  31 dancing weapons
  11 spriggan berserkers
  6 deep troll shamans
  Urug (Orc:1)
  A two-headed ogre (shapeshifter) (Depths:4)
  7 hell hogs
  19 thrashing horrors
  4 titan zombies
  32 small abominations
  10 vampire magi
  A death yak (shapeshifter) (Depths:2)
  2 death yaks (Lair:3)
  Sonja (Orc:2)
  An orc high priest (Elf:1)
  6 soul eaters
  An iron golem (Hell)
  14 hell knights
  A titan skeleton (Abyss:3)
  Nergalle (Lair:1)
  6 sixfirhies
  53 slime creatures
  7 iron trolls
  22 deep elf knights
  10 skeletal warriors
  4 golden dragon zombies
  A fire crab (shapeshifter) (Depths:4)
  2 salamander mystics
  3 shadow wraiths
  7 sun demons
  2 anaconda zombies
  12 wretched stars
  A storm dragon skeleton (Abyss:1)
  2 unseen horrors (D:15)
  48 deep trolls
  A spark wasp zombie (Hell)
  2 unseen horrors (shapeshifter)
  25 deep elf archers
  3 shadow demons
  3 spriggan druids (Swamp:3)
  10 glowing orange brains
  A death drake (Abyss:3)
  9 flayed ghosts
  8 swamp dragons
  9 wizards
  A lindwurm (Lair:5)
  10 phantasmal warriors
  5 harpies
  12 necromancers
  A wolf spider zombie (D:15)
  An orb spider (shapeshifter) (Vaults:2)
  31 orc knights
  14 ironbrand convokers
  An oklob plant (Lair:1)
  34 ugly things
  A mana viper (Abyss:2)
  An iron dragon zombie (Crypt:1)
  2 tengu zombies
  A shadow dragon skeleton (Vaults:4)
  10 orb spiders
  2 fire giant zombies (Hell)
  6 orc sorcerers
  A frost giant zombie (Abyss:1)
  71 deep elf magi
  7 worldbinders
  12 human zombies
  33 wolf spiders
  28 cyclopes
  7 manticores
  8 salamanders
  19 elephants
  3 guardian serpents
  A black mamba (shapeshifter) (Abyss:3)
  5 fire giant skeletons
  Joseph (D:7)
  4 black mambas
  8 apocalypse crabs
  A guardian serpent (shapeshifter) (Depths:1)
  5 rust devils
  A spiny frog (shapeshifter) (Vaults:3)
  4 stone giant skeletons
  2 frost giant skeletons
  4 ice statues
  2 centaur zombies
  An emperor scorpion zombie (Crypt:2)
  5 orange demons (Abyss:3)
  2 eyes of devastation (Abyss:3)
  A molten gargoyle (Hell)
  16 vault sentinels
  4 gargoyles
  3 torpor snails
  21 smoke demons
  8 komodo dragons
  11 spiny frogs
  A shock serpent skeleton (Tomb:1)
  2 yaktaur zombies
  16 demonic crawlers
  14 freezing wraiths
  2 kobold demonologists
  2 rime drakes (shapeshifter)
  49 yaktaurs
  2 hellions
  2 redback zombies (D:15)
  6 rime drakes
  25 guardian mummies
  A pale draconian skeleton (Crypt:1)
  7 efreet
  3 tengu conjurers
  18 ancient zymes
  13 ice devils
  A queen ant zombie (Crypt:2)
  7 red devils
  2 tormentors (Abyss:1)
  3 hellwings
  19 jumping spiders
  2 hydra zombies (Hell)
  11 trolls
  A harpy zombie (D:15)
  15 polar bears
  A meliai (shapeshifter) (Depths:1)
  A silent spectre (Abyss:3)
  8 tyrant leeches
  3 hydra skeletons
  32 hornets
  Prince Ribbit (D:7)
  A spriggan zombie (Depths:1)
  8 bog bodies
  Grinder (D:3)
  An alligator zombie (Tomb:2)
  12 hippogriffs
  A stone giant simulacrum (Vaults:3)
  A wind drake (shapeshifter) (Vaults:4)
  A hippogriff (shapeshifter) (Vaults:2)
  16 blink frogs
  A harpy skeleton (D:15)
  31 raiju
  A deep troll zombie (Hell)
  4 dream sheep (Lair:6)
  An ettin zombie (Vaults:2)
  A frost giant simulacrum (Vaults:3)
  A fire giant simulacrum (Abyss:1)
  An ice dragon zombie (Tomb:1)
  3 fire dragon zombies
  7 flying skulls
  2 ettin skeletons
  7 air elementals
  A guardian serpent skeleton (Crypt:1)
  29 spriggans
  Sigmund (D:2)
  5 shadows
  2 redbacks (shapeshifter)
  80 redbacks
  44 tarantellas
  43 yaks
  20 wraiths
  6 ushabtiu
  52 large abominations
  12 water elementals
  2 vampires
  16 ynoxinuls
  A hog (shapeshifter) (Vaults:1)
  2 wyverns
  A human (shapeshifter) (Vaults:4)
  6 basilisks
  6 fire bats
  A fire bat (shapeshifter) (Abyss:3)
  5 fire elementals
  A basilisk (shapeshifter) (Abyss:3)
  8 chaos spawn
  7 hogs
  2 human simulacra
  A human (D:7)
  16 vampire mosquitoes
  6 hungry ghosts
  6 neqoxecs
  A faun zombie (Crypt:2)
  A spatial vortex (Abyss:2)
  16 swamp worms
  10 insubstantial wisps
  8 wargs
  A hydra simulacrum (Hell)
  2 soldier ants (shapeshifter)
  4 acid dragons
  3 hell hounds
  A swamp worm (shapeshifter) (Depths:2)
  A water nymph skeleton (Crypt:3)
  A floating eye (shapeshifter) (D:15)
  6 porcupines
  2 spiny frog zombies (Hell)
  A deep troll skeleton (Crypt:2)
  23 swamp drakes
  14 water moccasins
  A spiny frog skeleton (Hell)
  2 phantoms
  4 ice beasts
  5 sky beasts
  A floating eye (Abyss:3)
  A manticore zombie (Crypt:1)
  59 orc warriors
  4 necrophages
  A hornet zombie (Swamp:4)
  A black mamba simulacrum (Crypt:1)
  12 black bears
  2 snapping turtle zombies
  12 boggarts
  2 eyes of draining
  5 wolves
  3 human skeletons
  63 ogres
  15 crocodiles
  12 centaurs
  A salamander zombie (Crypt:3)
  A big kobold (D:10)
  An elf zombie (Crypt:1)
  A komodo dragon zombie (Swamp:4)
  A gnoll sergeant (Orc:2)
  29 bullfrogs
  5 earth elementals
  A spiny frog simulacrum (Abyss:1)
  A water moccasin zombie (Swamp:4)
  4 scorpions
  An elf simulacrum (Vaults:3)
  19 killer bees
  17 wights
  5 electric eels
  4 howler monkeys
  21 crimson imps
  4 draconian simulacra (IceCv)
  5 quasits
  A basilisk zombie (Crypt:1)
  5 centaur skeletons
  3 bullfrog zombies
  8 jellies
  3 bullfrog skeletons
  25 orc priests
  11 iron imps
  35 orc wizards
  4 hounds
  3 iguanas
  3 black bear skeletons
  2 troll simulacra (IceCv)
  14 hell rats
  16 worker ants
  3 centaur simulacra
  An acid dragon skeleton (Crypt:1)
  A hound zombie (D:6)
  2 tengu skeletons
  A hound skeleton (D:10)
  53 mummies
  14 gnolls
  2 naga simulacra (IceCv)
  5 river rats (Lair:4)
  13 adders
  An ogre simulacrum (IceCv)
  A swamp drake zombie (Swamp:4)
  8 shadow imps
  9 white imps
  3 ufetubi
  2 oozes
  2 adder skeletons (Crypt:1)
  2 adder zombies (D:9)
  An iguana skeleton (Crypt:3)
  8 worms
  A barachi skeleton (Crypt:2)
  A dart slug (D:1)
  8 leopard geckos
  122 orcs
  2 ball pythons
  9 bats
  8 giant cockroaches
  8 goblins
  12 hobgoblins
  11 jackals
  10 kobolds
  3 quokkas
  4 frilled lizards
  A jackal skeleton (D:5)
  A leopard gecko skeleton (Crypt:3)
  A leopard gecko zombie (D:5)
  12 rats
  A briar patch (Swamp:4)
  A fire vortex (Depths:2)
  5 fungi
  2 lurking horrors (Abyss:3)
  15 plants
  27 starspawn tentacles
  3 withered plants (Crypt:3)
3316 creatures vanquished.

Vanquished Creatures (collateral kills)
  Mara (Elf:3)
  A caustic shrike (Depths:3)
  Rupert (Lair:4)
  A deep elf demonologist (Elf:3)
  21 hydras
  A vault guard (Vaults:5)
  2 catoblepae
  2 death yaks (Lair:3)
  A wolf spider (Lair:6)
  A lindwurm (Lair:6)
  2 elephants (Lair:6)
  3 spiny frogs
  An elf zombie (Hell)
  5 blink frogs (Lair:2)
  An alligator zombie (Hell)
  A basilisk (Lair:2)
  A yak (Lair:3)
  A swamp worm (Swamp:4)
  A water moccasin (Lair:3)
  2 porcupines
  A swamp drake (Swamp:2)
  A crocodile (Lair:6)
  A big kobold (D:13)
53 creatures vanquished.

Vanquished Creatures (others)
  An ancient lich (Crypt:3)
  A fire giant (Depths:3)
  2 draconian stormcallers (Depths:5)
  An ogre mage (Vaults:2)
  A thrashing horror (Abyss:3)
  A frost giant zombie (Hell)
  4 deep elf magi
  A hydra zombie (Tomb:2)
  A jumping spider (Spider:2)
  A raiju (Abyss:3)
  A tyrant leech (Swamp:1)
  A redback (Spider:4)
  A human (Elf:1)
  A water moccasin (Lair:6)
  A small abomination (Abyss:3)
  A tengu zombie (Hell)
  A quasit (Abyss:3)
  2 orc wizards (Orc:2)
  An iguana (D:7)
  2 mummies (Tomb:2)
  A white imp (Abyss:1)
  A ball lightning (Elf:3)
  An orc (Orc:2)
  3 briar patches
  15 fungi
  4 lurking horrors
  22 plants
  36 starspawn tentacles
  3 withered plants (Crypt:3)
112 creatures vanquished.

Grand Total: 3481 creatures vanquished

Notes
Turn   | Place    | Note
-------+----------+-------------------------------------------
     0 | D:1      | Alarkh the Demonspawn Berserker began the quest for the Orb.
     0 | D:1      | Reached XP level 1. HP: 18/18 MP: 1/1
    31 | D:1      | Reached skill level 3 in Axes
    31 | D:1      | Gained mutation: You regenerate a little health from kills. [demonic ancestry]
    31 | D:1      | Reached XP level 2. HP: 9/24 MP: 2/2
   516 | D:1      | Gained mutation: You regenerate health from kills. [demonic ancestry]
   516 | D:1      | Reached XP level 3. HP: 20/29 MP: 3/3
   703 | D:1      | Reached skill level 4 in Axes
  1368 | D:2      | Gained mutation: You tend to lose your temper in combat. [potion of mutation]
  1368 | D:2      | Gained mutation: You are covered in fur. (AC +1) [potion of mutation]
  1368 | D:2      | Lost mutation: You tend to lose your temper in combat. [potion of mutation]
  1369 | D:2      | Gained mutation: You are slightly more attuned to the shadows. [demonic ancestry]
  1369 | D:2      | Reached XP level 4. HP: 14/35 MP: 4/4
  1682 | D:2      | Noticed Sigmund
  1689 | D:2      | Killed Sigmund
  1689 | D:2      | Reached skill level 5 in Axes
  1689 | D:2      | Reached XP level 5. HP: 41/41 MP: 5/5
  1884 | D:2      | Reached skill level 6 in Axes
  2447 | D:3      | Noticed Grinder
  2473 | D:3      | Reached ** piety under Trog
  2473 | D:3      | Gained mutation: You are partially covered in slimy green scales. (AC +2) [demonic ancestry]
  2473 | D:3      | Reached XP level 6. HP: 47/47 MP: 6/6
  2489 | D:3      | Paralysed by Grinder for 7 turns
  2515 | D:3      | Paralysed by Grinder for 4 turns
  2519 | D:3      | Killed Grinder
  2519 | D:3      | Reached skill level 7 in Axes
  2821 | D:3      | Noticed a hand axe
  2822 | D:3      | Noticed a hand axe
  2822 | D:3      | Found a hide-covered altar of Uskayaw.
  3019 | D:4      | Reached XP level 7. HP: 52/52 MP: 7/7
  3494 | D:4      | Reached skill level 8 in Axes
  3697 | D:5      | Entered Level 5 of the Dungeon
  3749 | D:5      | Found Faepleeh's Assorted Antiques.
  3767 | D:5      | Bought a scroll of identify for 48 gold pieces
  3767 | D:5      | Bought a scroll labeled POGAOD OPSYIDOI for 24 gold pieces
  3767 | D:5      | Bought a scroll labeled GUNLIZXUNU for 24 gold pieces
  4492 | D:6      | Reached skill level 9 in Axes
  4492 | D:6      | Reached XP level 8. HP: 44/58 MP: 8/8
  4830 | D:6      | Found a sacrificial altar of Ru.
  5011 | D:6      | Found a staircase to the Ecumenical Temple.
  5029 | Temple   | Entered the Ecumenical Temple
  5060 | D:6      | Reached skill level 10 in Axes
  5150 | D:6      | Reached *** piety under Trog
  5268 | D:6      | Found a blossoming altar of Fedhas.
  5481 | D:6      | Found an iron altar of Okawaru.
  6024 | D:7      | Noticed Prince Ribbit
  6033 | D:7      | Killed Prince Ribbit
  6033 | D:7      | Reached skill level 11 in Axes
  6033 | D:7      | Gained mutation: You have sharp toenails. [demonic ancestry]
  6033 | D:7      | Reached XP level 9. HP: 63/63 MP: 9/9
  6375 | D:7      | Noticed Joseph
  6430 | D:7      | Killed Joseph
  6638 | D:7      | Reached skill level 12 in Axes
  6975 | D:8      | Reached skill level 13 in Axes
  7085 | D:8      | Gained mutation: You are mostly covered in slimy green scales. (AC +3) [demonic ancestry]
  7085 | D:8      | Reached XP level 10. HP: 70/70 MP: 10/10
  7227 | D:8      | Reached **** piety under Trog
  7541 | D:8      | Found a staircase to the Lair.
  8117 | D:8      | Noticed a two-headed ogre
  8127 | D:8      | Killed a two-headed ogre
  8474 | D:9      | Got a brightly glowing ring mail
  8485 | D:9      | Identified the +3 ring mail "Fucoss" {+Inv MP+9 Int+6} (You found it on level 9 of the Dungeon)
  8915 | D:9      | Reached ***** piety under Trog
  9226 | D:9      | Noticed a two-headed ogre
  9236 | D:9      | Killed a two-headed ogre
  9236 | D:9      | Reached skill level 5 in Fighting
  9362 | D:10     | Entered Level 10 of the Dungeon
  9362 | D:10     | Noticed a two-headed ogre
  9498 | D:10     | Killed a two-headed ogre
  9498 | D:10     | Gained mutation: You are robust. (+10% HP) [demonic ancestry]
  9498 | D:10     | Reached XP level 11. HP: 46/88 MP: 11/11
  9777 | D:10     | Reached skill level 14 in Axes
 10462 | D:10     | Reached skill level 1 in Evocations
 10930 | Lair:1   | Entered Level 1 of the Lair of Beasts
 11139 | Lair:1   | Noticed Nergalle
 11151 | Lair:1   | Killed Nergalle
 11222 | Lair:1   | Noticed an eight-headed hydra
 11228 | Lair:1   | Killed an eight-headed hydra
 11228 | Lair:1   | Reached skill level 5 in Dodging
 11350 | Lair:1   | Noticed an oklob plant
 11389 | Lair:1   | Killed an oklob plant
 11462 | Lair:1   | Reached skill level 5 in Armour
 12616 | Lair:2   | Reached XP level 12. HP: 94/97 MP: 14/14
 12995 | Lair:2   | Noticed a four-headed hydra
 13004 | Lair:2   | Killed a four-headed hydra
 13155 | Lair:2   | Noticed a five-headed hydra
 13173 | Lair:2   | Killed a seven-headed hydra
 13177 | Lair:2   | Reached skill level 15 in Axes
 13188 | Lair:2   | Noticed a catoblepas
 13192 | Lair:2   | Killed a catoblepas
 14242 | Lair:3   | Noticed a death yak
 14243 | Lair:3   | Noticed a death yak
 14244 | Lair:3   | Noticed a death yak
 14244 | Lair:3   | Noticed a death yak
 14247 | Lair:3   | Killed a death yak
 14256 | Lair:3   | Killed a death yak
 14263 | Lair:3   | Killed a death yak
 14266 | Lair:3   | Killed a death yak
 14641 | Lair:3   | Found a staircase to the Swamp.
 15122 | Lair:4   | Reached skill level 5 in Evocations
 15295 | Lair:4   | Found a hole to the Spider Nest.
 15413 | Lair:4   | Received a gift from Trog
 15564 | Lair:4   | Noticed a five-headed hydra
 15569 | Lair:4   | Killed a five-headed hydra
 15573 | Lair:4   | Noticed Rupert
 15582 | Lair:4   | Killed Rupert
 15582 | Lair:4   | Gained mutation: You are very robust. (+20% HP) [demonic ancestry]
 15582 | Lair:4   | Reached XP level 13. HP: 104/117 MP: 17/17
 16931 | Lair:5   | Found a snail-covered altar of Cheibriados.
 17151 | Lair:5   | Reached skill level 16 in Axes
 17822 | Lair:6   | Entered Level 6 of the Lair of Beasts
 18155 | Lair:6   | Found a staircase to the Slime Pits.
 18771 | Lair:6   | Noticed Josephine
 18782 | Lair:6   | Killed Josephine
 19154 | Lair:6   | Noticed Snorg
 19162 | Lair:6   | Killed Snorg
 19162 | Lair:6   | Gained mutation: You are completely covered in slimy green scales. (AC +4, rPois) [demonic ancestry]
 19162 | Lair:6   | Reached XP level 14. HP: 121/129 MP: 19/19
 19386 | Lair:6   | Got a bloodstained ring mail
 19397 | Lair:6   | Identified the cursed +0 ring mail of Keadghiso {-Cast rElec MR+ SInv} (You found it on level 6 of the Lair of Beasts)
 20837 | D:11     | Found a frozen archway.
 20887 | IceCv    | Entered an ice cave
 21261 | IceCv    | Got a pair of smoking gloves
 21273 | IceCv    | Identified the cursed +0 pair of gloves "Otaloib" {MR+ Str+6} (You found it in an ice cave)
 21570 | D:11     | Reached skill level 17 in Axes
 22137 | D:11     | Found a staircase to the Orcish Mines.
 22321 | Orc:1    | Entered Level 1 of the Orcish Mines
 22321 | Orc:1    | Noticed Urug
 22341 | Orc:1    | Killed Urug
 22539 | Orc:2    | Entered Level 2 of the Orcish Mines
 22540 | Orc:2    | Noticed Sonja
 22552 | Orc:2    | Received a gift from Trog
 22558 | Orc:2    | Reached skill level 10 in Fighting
 22579 | Orc:2    | Killed Sonja
 22599 | Orc:2    | Found Josmig's Book Shoppe.
 22625 | Orc:2    | Found a staircase to the Elven Halls.
 22654 | Orc:2    | Found Uzack's General Store.
 22707 | Orc:2    | Found a flickering gateway to a bazaar.
 22715 | Bazaar   | Entered a bazaar
 22715 | Bazaar   | Found Plog's Magic Scroll Shop.
 22715 | Bazaar   | Found Upo Ung's Gadget Boutique.
 22715 | Bazaar   | Found Zoen Wuich's Distillery.
 22715 | Bazaar   | Found Waxiadod's Book Boutique.
 22715 | Bazaar   | Found Okis Hytisk's Gadget Shop.
 22735 | Bazaar   | Bought a manual of Dodging for 1324 gold pieces
 23019 | Orc:2    | Found Ymel's Antique Weapon Shoppe.
 23025 | Orc:2    | Noticed Erolcha
 23050 | Orc:2    | Killed Erolcha
 23192 | Orc:2    | Found a radiant altar of Vehumet.
 23212 | Orc:2    | Noticed an orc warlord
 23223 | Orc:2    | Killed an orc warlord
 23234 | Orc:2    | Reached XP level 15. HP: 29/139 MP: 20/20
 23245 | Orc:2    | Reached ****** piety under Trog
 23246 | Orc:2    | Found Exil's Antique Armour Emporium.
 23493 | Orc:2    | Bought a pair of runed boots for 247 gold pieces
 23663 | Orc:1    | Received a gift from Trog
 24000 | Lair:2   | Got a pair of encrusted gloves
 24012 | Lair:2   | Identified the +4 pair of gloves of Distant Shores {rElec rN+} (You acquired it on level 2 of the Lair of Beasts)
 24018 | Lair:2   | Got a jewelled buckler
 24029 | Lair:2   | Identified the +1 buckler "Othryozeg" {rPois Str+3} (You acquired it on level 2 of the Lair of Beasts)
 24763 | D:12     | Received a gift from Trog
 25875 | D:13     | Reached skill level 10 in Dodging
 25933 | D:13     | Found a gate to the Vaults.
 26054 | D:13     | Found Utamm's Antique Weapon Shoppe.
 26182 | D:13     | Bought a glowing battleaxe for 351 gold pieces
 26216 | D:13     | Found a runed door.
 26229 | D:13     | Found a runed door.
 26329 | D:13     | Found a shadowy altar of Dithmenos.
 26566 | D:13     | Reached skill level 10 in Armour
 26770 | D:13     | Identified the Guide on Heat and Black Rituals
 26798 | D:13     | Received a gift from Trog
 27169 | D:13     | Reached skill level 18 in Axes
 27218 | D:13     | Found a portal to a secret trove of treasure.
 27737 | D:14     | Got a polished leather armour
 27748 | D:14     | Identified the +1 leather armour "Xaosy" {rF- MP+9 Slay+5} (You found it on level 14 of the Dungeon)
 27949 | D:14     | Gained mutation: You have a pair of small horns on your head. [mutagenic meat]
 27950 | D:14     | Gained mutation: You expend magic power (3 MP) to strengthen your wands. [mutagenic meat]
 27951 | D:14     | Gained mutation: You tend to lose your temper in combat. [mutagenic meat]
 27952 | D:14     | Gained mutation: You have supernaturally acute eyesight. (SInv) [mutagenic meat]
 27953 | D:14     | Gained mutation: You do not regenerate when monsters are visible. [mutagenic meat]
 27955 | D:14     | Gained mutation: Your mind is acute. (Int +2) [mutagenic meat]
 27957 | D:14     | Gained mutation: Your system is resistant to poisons. (rPois) [mutagenic meat]
 27958 | D:14     | Lost mutation: You have a pair of small horns on your head. [mutagenic meat]
 27959 | D:14     | Gained mutation: You are extremely robust. (+30% HP) [mutagenic meat]
 27961 | D:14     | Gained mutation: Your magical capacity is low. (-10% MP) [mutagenic meat]
 27962 | D:14     | Gained mutation: You are agile. (Dex +2) [mutagenic meat]
 27963 | D:14     | Lost mutation: You tend to lose your temper in combat. [mutagenic meat]
 27964 | D:14     | Lost mutation: You do not regenerate when monsters are visible. [mutagenic meat]
 28273 | D:15     | Entered Level 15 of the Dungeon
 28678 | D:15     | Paralysed by a floating eye for 2 turns
 28748 | D:15     | Found a staircase to the Depths.
 28779 | D:15     | Paralysed by an ogre mage for 5 turns
 28792 | D:15     | Reached XP level 16. HP: 163/163 MP: 19/19
 30255 | D:13     | You paid a toll of 4 scrolls of blinking to enter a treasure trove
 30256 | Trove    | Entered a treasure trove
 30267 | Trove    | Got a brightly glowing pewter ring
 30269 | Trove    | Got a warped pewter ring
 30273 | Trove    | Got a shimmering pewter ring
 30281 | Trove    | Got a transparent golden ring
 30304 | D:13     | Identified the ring "Fiahublu" {+Inv rElec Str+2 Int+3 SInv} (You found it in a treasure trove)
 30306 | D:13     | Identified the ring of Okawaru's Hope {Fire *Drain +Blink rN+ SInv} (You found it in a treasure trove)
 30308 | D:13     | Identified the ring "Xeisch Seatye" {rPois rF+ rC+ Int-5 Stlth-} (You found it in a treasure trove)
 30310 | D:13     | Identified the ring of Heixt {-Tele rPois rC+ Dex+5 SInv} (You found it in a treasure trove)
 30628 | Spider:1 | Entered Level 1 of the Spider Nest
 31366 | Spider:1 | Noticed Asterion
 31376 | Spider:1 | Killed Asterion
 32215 | Spider:2 | Received a gift from Trog
 32228 | Spider:2 | Reached skill level 19 in Axes
 33216 | Spider:3 | Received a gift from Trog
 33593 | Spider:3 | Reached XP level 17. HP: 175/175 MP: 20/20
 34320 | Spider:3 | Found a roughly hewn altar of Beogh.
 34529 | Spider:4 | Entered Level 4 of the Spider Nest
 35366 | Spider:4 | Received a gift from Trog
 35450 | Spider:4 | Received a gift from Trog
 35591 | Spider:4 | Got a gossamer rune of Zot
 35679 | Spider:2 | Upgraded the game from 0.20-a0-1101-g1de9d76 to 0.20-a0-1109-ge3cd172
 35841 | Swamp:1  | Entered Level 1 of the Swamp
 36336 | Swamp:1  | Noticed Nikola
 36384 | Swamp:1  | Killed Nikola
 36924 | Swamp:2  | Noticed Roxanne
 36941 | Swamp:2  | Killed Roxanne
 36941 | Swamp:2  | Reached skill level 20 in Axes
 36942 | Swamp:2  | Identified Roxanne's Grimoire of Earth (You took it off Roxanne on level 2 of the Swamp)
 36951 | Swamp:2  | Received a gift from Trog
 37104 | Swamp:2  | Noticed Jorgrun
 37108 | Swamp:2  | Killed Jorgrun
 37366 | Swamp:2  | Noticed Frances
 37378 | Swamp:2  | Killed Frances
 38281 | Swamp:3  | Gained mutation: You regenerate a lot of health from kills. [demonic ancestry]
 38281 | Swamp:3  | Reached XP level 18. HP: 143/187 MP: 20/20
 38509 | Swamp:3  | Received a gift from Trog
 39052 | Swamp:4  | Entered Level 4 of the Swamp
 39329 | Swamp:4  | Received a gift from Trog
 39364 | Swamp:4  | Received a gift from Trog
 39423 | Swamp:4  | Got a decaying rune of Zot
 40377 | Vaults:1 | Entered Level 1 of the Vaults
 40840 | Vaults:1 | Reached skill level 15 in Dodging
 40877 | Vaults:1 | Received a gift from Trog
 40986 | Vaults:1 | Noticed Donald
 40996 | Vaults:1 | Killed Donald
 41165 | Vaults:1 | Reached skill level 1 in Stealth
 41960 | Vaults:2 | Received a gift from Trog
 42304 | Vaults:2 | Reached XP level 19. HP: 171/197 MP: 21/21
 42403 | Vaults:2 | Reached skill level 21 in Axes
 42523 | Vaults:2 | Received a gift from Trog
 43244 | Vaults:3 | Received a gift from Trog
 43346 | Vaults:3 | Noticed a lich
 43347 | Vaults:3 | Found a staircase to the Crypt.
 43350 | Vaults:3 | Killed a lich
 43549 | Vaults:3 | Noticed a lich
 43551 | Vaults:3 | Paralysed by a lich for 6 turns
 43567 | Vaults:3 | Killed a lich
 43756 | Vaults:3 | Received a gift from Trog
 44054 | Vaults:3 | Reached skill level 5 in Stealth
 44828 | Vaults:3 | Got a slimy scarf
 44839 | Vaults:3 | Identified the scarf of the Blacksmith {+Inv} (You found it on level 3 of the Vaults)
 44939 | Vaults:3 | Received a gift from Trog
 44971 | Vaults:3 | Reached XP level 20. HP: 193/209 MP: 22/22
 45292 | Vaults:4 | Reached skill level 15 in Fighting
 45482 | Vaults:4 | Received a gift from Trog
 46015 | Vaults:4 | Reached skill level 22 in Axes
 46291 | Vaults:4 | Received a gift from Trog
 46598 | Vaults:4 | Received a gift from Trog
 47487 | Elf:1    | Entered Level 1 of the Elven Halls
 47538 | Elf:1    | Received a gift from Trog
 47934 | Elf:1    | Noticed Kirke
 47944 | Elf:1    | Killed Kirke
 47944 | Elf:1    | Gained mutation: You are significantly more attuned to the shadows. [demonic ancestry]
 47944 | Elf:1    | Reached XP level 21. HP: 219/219 MP: 23/23
 48319 | Elf:1    | Found Zeobleve's Weapon Emporium.
 48447 | Elf:1    | Found a deep blue altar of Sif Muna.
 48621 | Elf:2    | Found a roughly hewn altar of Beogh.
 48635 | Elf:2    | Received a gift from Trog
 48696 | Elf:2    | Found an ancient bone altar of Kikubaaqudgha.
 48941 | Elf:2    | Got a jewelled chain mail
 48952 | Elf:2    | Identified the +4 chain mail of the Game Afoot {+Fly rC- MR+++ Int-2} (You found it on level 2 of the Elven Halls)
 48993 | Elf:2    | Got a bloodstained hand axe
 48994 | Elf:2    | Identified the cursed +3 hand axe of Defenestration {drain, +Blink} (You found it on level 2 of the Elven Halls)
 49101 | Elf:2    | Found a runed gate.
 49101 | Elf:2    | Found a runed gate.
 49101 | Elf:2    | Found a runed gate.
 49564 | Elf:2    | Received a gift from Trog
 50111 | Elf:3    | Entered Level 3 of the Elven Halls
 50144 | Elf:3    | Reached skill level 15 in Armour
 50494 | Elf:3    | Received a gift from Trog
 50723 | Elf:3    | Noticed Aizul
 50743 | Elf:3    | Killed Aizul
 50754 | Elf:3    | Noticed Mara
 50918 | Elf:3    | Killed Mara
 51164 | Elf:3    | Received a gift from Trog
 51176 | Elf:3    | Reached skill level 23 in Axes
 51369 | Elf:3    | Found Apezuorch's Book Shop.
 51445 | Elf:3    | Gained mutation: You have razor-sharp toenails. [demonic ancestry]
 51445 | Elf:3    | Reached XP level 22. HP: 191/231 MP: 24/24
 51456 | Elf:3    | Received a gift from Trog
 51615 | Elf:3    | Got a faintly glowing brass ring
 51617 | Elf:3    | Identified the ring "Notre" {rN++ SInv} (You took it off a deep elf high priest on level 3 of the Elven Halls)
 52271 | Elf:3    | Found Apezuorch's Book Shop.
 53012 | Elf:3    | Upgraded the game from 0.20-a0-1109-ge3cd172 to 0.20-a0-1116-gaa52201
 53469 | Depths:1 | Entered Level 1 of the Depths
 53577 | Depths:1 | Received a gift from Trog
 53674 | Depths:1 | Found a gateway to Hell.
 53832 | Depths:1 | Reached skill level 10 in Stealth
 54034 | Depths:1 | Received a gift from Trog
 54415 | Depths:2 | Found a one-way gate leading to the halls of Pandemonium.
 54760 | Depths:2 | Noticed a juggernaut
 54773 | Depths:2 | Killed a juggernaut
 55122 | Depths:2 | Got a coiled golden amulet
 55123 | Depths:2 | Identified the amulet of Qeuhem {Regen+ Int+3} (You found it on level 2 of the Depths)
 55679 | Depths:2 | Noticed a caustic shrike
 56026 | Depths:2 | Killed a caustic shrike
 56044 | Depths:2 | Received a gift from Trog
 56163 | Depths:2 | Noticed a juggernaut
 56179 | Depths:2 | Killed a juggernaut
 56570 | Depths:3 | Found a one-way gate to the infinite horrors of the Abyss.
 56611 | Depths:3 | Noticed the Enchantress
 56614 | Depths:3 | Cast into level 3 of the Abyss (spriggan defender)
 56643 | Abyss:3  | Found a corrupted altar of Lugonu.
 56668 | Abyss:3  | Gained mutation: You have claws for feet. [demonic ancestry]
 56668 | Abyss:3  | Reached XP level 23. HP: 241/241 MP: 25/25
 56929 | Abyss:3  | Reached skill level 24 in Axes
 57068 | Depths:3 | Escaped the Abyss
 57082 | Depths:3 | Received a gift from Trog
 57102 | Depths:3 | Killed the Enchantress
 57104 | Depths:3 | Got faerie dragon scales
 57109 | Depths:3 | Identified the +1 faerie dragon scales {-Tele rCorr Str+5 Int+3} (You took it off the Enchantress on level 3 of the Depths)
 57471 | Depths:3 | Noticed Frederick
 57486 | Depths:3 | Killed Frederick
 57779 | Depths:3 | Noticed a caustic shrike
 57790 | Depths:3 | Killed a caustic shrike
 58007 | Depths:3 | Received a gift from Trog
 58953 | Hell     | Entered the Vestibule of Hell
 58957 | Hell     | Noticed Geryon
 58996 | Hell     | Killed Geryon
 58997 | Hell     | Cast into level 2 of the Abyss (reaper)
 59224 | Abyss:2  | Reached skill level 25 in Axes
 59225 | Abyss:2  | Paralysed by accursed screaming for 1 turns
 59235 | Abyss:2  | Received a gift from Trog
 59689 | Hell     | Escaped the Abyss
 59793 | Hell     | Noticed Murray
 60129 | Hell     | Killed Murray
 60159 | Hell     | Mutation became permanent: You are very robust. (+20% HP) [demonic ancestry]
 60159 | Hell     | Gained mutation: You are extremely robust. (+30% HP) [demonic ancestry]
 60159 | Hell     | Reached XP level 24. HP: 239/253 MP: 25/25
 60313 | Hell     | Received a gift from Trog
 60464 | Hell     | Found a gateway to the Iron City of Dis.
 60534 | Hell     | Found a gateway to the ashen valley of Gehenna.
 60698 | Hell     | Found a gateway to the decaying netherworld of Tartarus.
 60853 | Hell     | Found a gateway to the freezing wastes of Cocytus.
 61167 | Depths:4 | Found a gateway to a ziggurat.
 61280 | Depths:4 | Got a serpentine steel ring
 61297 | Depths:4 | Identified the ring "Aqun" {Ice +Fly MR++ Dex-2 Slay+4} (You found it on level 4 of the Depths)
 61500 | Depths:4 | Received a gift from Trog
 62711 | Depths:5 | Entered Level 5 of the Depths
 62857 | Depths:5 | Received a gift from Trog
 63679 | Depths:5 | Found a gate to the Realm of Zot.
 63692 | Depths:5 | Received a gift from Trog
 65014 | Vaults:5 | Entered Level 5 of the Vaults
 65031 | Vaults:5 | Reached skill level 26 in Axes
 65036 | Vaults:5 | Gained mutation: You are completely attuned to the shadows. [demonic ancestry]
 65036 | Vaults:5 | Reached XP level 25. HP: 256/265 MP: 25/25
 65070 | Vaults:5 | Got a pitted tin ring
 65097 | Vaults:5 | Identified the ring of Iranengo {*Contam rF+ MP+9 Dex+3 SInv} (You found it on level 5 of the Vaults)
 65173 | Vaults:5 | Received a gift from Trog
 65644 | Vaults:5 | Got an ancient pewter ring
 65651 | Vaults:5 | Identified the Grimoire of Unstable Battle Magic
 65775 | Vaults:5 | Identified the Volume of Congealing Boosts
 65816 | Vaults:5 | Received a gift from Trog
 66242 | Vaults:5 | Got a silver rune of Zot
 66817 | Vaults:5 | Got a bloodstained battleaxe {chop}
 66818 | Vaults:5 | Identified the +7 battleaxe "Nulawo" {chop, rPois Int+4 Dex+2} (You took it off a vault guard on level 5 of the Vaults)
 67172 | Hell     | Identified the cursed ring "Vanaum" {*Slow +Blink Dex-3 Slay+3} (You took it off a vault guard on level 5 of the Vaults)
 67193 | Hell     | Upgraded the game from 0.20-a0-1116-gaa52201 to 0.20-a0-1117-g62da73f
 67567 | Temple   | Fell from the grace of Trog
 67567 | Temple   | Became a worshipper of Kikubaaqudgha
 67987 | Depths:3 | Voluntarily entered the Abyss.
 68254 | Abyss:2  | Reached skill level 1 in Spellcasting
 68254 | Abyss:2  | Reached skill level 1 in Necromancy
 68284 | Abyss:2  | Reached * piety under Kikubaaqudgha
 68284 | Abyss:2  | Identified Kikubaaqudgha's Disquisition on Stolen Souls (Kikubaaqudgha gifted it to you on level 2 of the Abyss)
 68284 | Abyss:2  | Received a gift from Kikubaaqudgha
 68341 | Abyss:2  | Found a corrupted altar of Lugonu.
 68409 | Abyss:3  | Found a corrupted altar of Lugonu.
 68773 | Abyss:3  | Reached ** piety under Kikubaaqudgha
 68773 | Abyss:3  | Reached XP level 26. HP: 276/276 MP: 25/25
 68961 | Abyss:3  | HP: 16/414 [iron troll[the rage of Trog] (11)]
 68962 | Abyss:3  | HP: 6/414 [stone giant[the rage of Trog] (10)]
 69243 | Abyss:3  | Reached *** piety under Kikubaaqudgha
 69243 | Abyss:3  | Identified Kikubaaqudgha's Catalogue of Darkness (Kikubaaqudgha gifted it to you on level 3 of the Abyss)
 69243 | Abyss:3  | Received a gift from Kikubaaqudgha
 69251 | Abyss:3  | Learned a level 5 spell: Dispel Undead
 69408 | Abyss:3  | Reached **** piety under Kikubaaqudgha
 69583 | Abyss:3  | Reached skill level 5 in Necromancy
 69775 | Abyss:3  | Reached skill level 27 in Axes
 69808 | Abyss:3  | Found a corrupted altar of Lugonu.
 69966 | Abyss:3  | Reached ***** piety under Kikubaaqudgha
 69985 | Abyss:3  | Reached skill level 5 in Spellcasting
 70010 | Abyss:3  | Got an abyssal rune of Zot
 70305 | Abyss:3  | Paralysed by you for 6 turns
 70465 | Abyss:3  | Paralysed by a floating eye for 2 turns
 70481 | Abyss:3  | Got a dazzling falchion {drain}
 70525 | Abyss:3  | Reached ****** piety under Kikubaaqudgha
 70566 | Abyss:3  | Identified the +2 falchion "Gourael" {drain, MR+} (You took it off a kobold demonologist on level 3 of the Abyss)
 70819 | Abyss:3  | Reached skill level 10 in Necromancy
 70852 | Abyss:3  | Received a gift from Kikubaaqudgha
 70855 | Abyss:3  | Found a corrupted altar of Lugonu.
 70865 | Abyss:3  | Learned a level 8 spell: Necromutation
 70873 | Abyss:3  | Learned a level 7 spell: Haunt
 71014 | Depths:3 | Escaped the Abyss
 71016 | Depths:3 | Voluntarily entered the Abyss.
 71026 | Abyss:1  | Noticed an ancient lich
 71035 | Abyss:1  | Paralysed by accursed screaming for 1 turns
 71048 | Abyss:1  | Paralysed by accursed screaming for 1 turns
 71051 | Abyss:1  | Killed an ancient lich
 71250 | Abyss:1  | Reached XP level 27. HP: 276/284 MP: 32/33
 71299 | Abyss:1  | Noticed an ancient lich
 71313 | Abyss:1  | Killed an ancient lich
 71313 | Abyss:1  | Reached skill level 10 in Spellcasting
 71313 | Abyss:1  | Reached skill level 1 in Summonings
 71313 | Abyss:1  | Reached skill level 1 in Transmutations
 71398 | Abyss:1  | Found a corrupted altar of Lugonu.
 72232 | Abyss:1  | Gained mutation: You tend to lose your temper in combat. [a neqoxec]
 72398 | Abyss:1  | Found a deep blue altar of Sif Muna.
 72895 | Abyss:1  | Noticed an ancient lich
 72911 | Abyss:1  | Killed an ancient lich
 72943 | Abyss:1  | Reached skill level 5 in Summonings
 73148 | Depths:3 | Escaped the Abyss
 73245 | Depths:3 | Reached skill level 5 in Transmutations
 73544 | Crypt:1  | Entered Level 1 of the Crypt
 73773 | Crypt:1  | Noticed Margery
 73787 | Crypt:1  | Killed Margery
 74528 | Crypt:1  | Found an ancient bone altar of Kikubaaqudgha.
 75942 | Crypt:3  | Entered Level 3 of the Crypt
 76379 | Crypt:3  | Got a smoking ring mail
 76380 | Crypt:3  | Noticed an ancient lich
 76387 | Crypt:3  | Noticed an ancient lich
 76396 | Crypt:3  | Killed an ancient lich
 76403 | Crypt:3  | Killed an ancient lich
 76637 | Crypt:3  | Reached skill level 15 in Necromancy
 76739 | Crypt:3  | Identified the Collected Works on Entrancing Intoxication
 76748 | Crypt:3  | Learned a level 6 spell: Darkness
 76785 | Crypt:3  | Found a staircase to the Tomb.
 76921 | Crypt:3  | Identified the +2 ring mail of the Guilds {+Blink rF+ Int+6 Dex+3} (You found it on level 3 of the Crypt)
 77146 | Tomb:1   | Entered Level 1 of the Tomb of the Ancients
 77146 | Tomb:1   | Noticed Boris
 77162 | Tomb:1   | Killed Boris
 77499 | Tomb:1   | Paralysed by Trog for 2 turns
 77791 | Tomb:1   | Noticed a greater mummy
 77802 | Tomb:1   | Killed a greater mummy
 77803 | Tomb:1   | Noticed a greater mummy
 77809 | Tomb:1   | Killed a greater mummy
 78301 | Tomb:1   | Noticed Jory
 78483 | Tomb:1   | Was forgiven by Trog
 78659 | Tomb:1   | Killed Jory
 79127 | Tomb:1   | Noticed a greater mummy
 79157 | Tomb:1   | Killed a greater mummy
 79214 | Tomb:1   | Reached skill level 10 in Transmutations
 79301 | Tomb:1   | Noticed a greater mummy
 79325 | Tomb:1   | Killed a greater mummy
 79711 | Tomb:2   | Noticed a greater mummy
 79724 | Tomb:2   | Noticed a greater mummy
 79724 | Tomb:2   | Noticed a greater mummy
 79726 | Tomb:2   | Killed a greater mummy
 79727 | Tomb:2   | Noticed a greater mummy
 79738 | Tomb:2   | Killed a greater mummy
 79740 | Tomb:2   | Killed a greater mummy
 79749 | Tomb:2   | Killed a greater mummy
 80278 | Tomb:1   | Noticed a greater mummy
 80287 | Tomb:1   | Killed a greater mummy
 80334 | Tomb:1   | Noticed a greater mummy
 80337 | Tomb:1   | Noticed a greater mummy
 80346 | Tomb:1   | Noticed a greater mummy
 80347 | Tomb:1   | Killed a greater mummy
 80350 | Tomb:1   | Noticed a greater mummy
 80353 | Tomb:1   | HP: 17/424 [greater mummy/divine providence (13)]
 80354 | Tomb:1   | Killed a greater mummy
 80354 | Tomb:1   | Killed by a greater mummy's death curse

Vault maps used:
D:1:      minmay_arrival_floating_metal, roderic_ancient_swastika
D:2:      uniq_sigmund
D:3:      dancing_weapons_uskayaw, bh_walls_and_bars, uniq_grinder
D:5:      first_bread, serial_shops, shop, kennysheep_small_spiral
D:6:      nicolae_overflow_hidden_temple, minmay_temple_entry_metal_lava,
          nicolae_ru_sacrificial_ziggurat
D:7:      grunt_livestock, kennysheep_generic_room_15, uniq_prince_ribbit1,
          uniq_joseph
D:8:      grunt_lair_entry_orc_guard_hut, sigmund_army
D:10:     serial_glass, glass_columns_c, glass_columns_a, nrook_loot_triangle,
          patterned_corridor
D:11:     david_orc_3, portal_ice_cave_rime
D:12:     serial_co_window_serial, co_window_cross_1, co_window_corner_a,
          co_window_paths_a, co_window_corner_a, co_window_paths_b,
          co_window_of_opportunity_a, co_window_paths_a, co_window_paths_a,
          co_window_paths_a, co_window_broadway_a, co_window_broadway_a,
          co_window_of_opportunity_c, glass_columns_a
D:13:     kb_forest_paths, david_vaults_5, enter_trove_3, basic_altar,
          serial_shops, kennysheep_little_box, serial_glass, glass_columns_a,
          glass_columns_c, spider_trap, minmay_guarded_unrand_resistance
D:14:     minmay_ambush_box, minivault_23
D:15:     hangedman_depths_entry_civil_slaughter, serial_park_tiny_1
Temple:   nicolae_temple_no_exploring_needed
Lair:1:   minivault_11, beast_lair_carwin_5, infiniplex_staircase_pool_2,
          grunt_megastairs_4, minmay_lair_oklob_chamber, uniq_nergalle
Lair:3:   swamp_mist, nicolae_quartered_pool_little
Lair:4:   nicolae_spider_entry_orb_guardian, kennysheep_rathole,
          grunt_megastairs_3, uniq_rupert
Lair:5:   basic_altar, wad_woods_road_02
Lair:6:   hangedman_lair_in_review, nicolae_slime_entry_slimehenge,
          serial_bayou, serial_bayou_shore_b, serial_bayou_pond_e,
          serial_bayou_pond_e, serial_bayou_shore_b, serial_bayou_shore_b,
          serial_bayou_shore_b, cheibrodos_lair_lostbears, uniq_josephine,
          uniq_snorg
Swamp:1:  evilmike_swamp_ruin_house_2, uniq_nikola
Swamp:2:  evilmike_swamp_ruin_house_5, swamp_pool2, uniq_frances, uniq_roxanne,
          uniq_jorgrun
Swamp:3:  evilmike_swamp_ruin_rubble_2, swamp_pool1
Swamp:4:  swamp, swamp_pool5, nicolae_swamp_necromancer_hut
Spider:1: spider_trap, uniq_asterion
Spider:3: nicolae_spider_mines_2, spiders_nest_ghost_moth_duel
Spider:4: grunt_spider_rune_circles
Orc:1:    uniq_urug
Orc:2:    grunt_orc_gardens, grunt_orc_garden, grunt_orc_garden,
          grunt_orc_garden, grunt_orc_garden, basic_altar, serial_shops,
          bzr_entry_lakeside, hangedman_minor_magic, uniq_sonja, uniq_erolcha
Elf:1:    serial_shops, shop, basic_altar, hangedman_elf_disciples, uniq_kirke
Elf:2:    basic_altar, special_room
Elf:3:    minmay_elf_hall_not_hex, serial_shops, shop, uniq_aizul, uniq_mara
Vaults:1: v_misc_8, st_cells, uniq_donald
Vaults:2: dpeg_vaults_monster_box, v_misc_10, vaults_room_fours, st_cells,
          hangedman_vaults_corner_blocks, hangedman_vaults_stretched_pinwheel,
          hangedman_vaults_corner_blocks, v_misc_33,
          nicolae_vaults_little_squares_3, hangedman_vaults_stitches, v_rooms_5,
          nicolae_vaults_angled_halls, ontoclasm_vaults_twist
Vaults:3: minmay_crypt_entry_nasty_monster, nicolae_vaults_asterisk, v_rooms_6,
          hangedman_vaults_locks, nicolae_vaults_fighting_squares,
          ontoclasm_vaults_ring_large, hangedman_vaults_stagger,
          v_alt_pattern_6, v_misc_29, nicolae_vaults_hallways_thing,
          hangedman_vaults_cutoff, ontoclasm_vaults_tryst,
          nicolae_vaults_little_squares_6, ontoclasm_vaults_ring_square
Vaults:4: nicolae_vaults_branching_niches, nicolae_vaults_stairing_the_circle,
          v_misc_5, ontoclasm_vaults_decontamination, grunt_vaults_focal,
          vaults_room_semicircle, nicolae_vaults_little_squares_5, v_misc_27,
          nicolae_vaults_border_crossing, vaults_standard_mumra_lines,
          hangedman_vaults_slice, vaults_dpeg_ring
Crypt:1:  serial_corexii_hall, corexii_hall_statues_l, corexii_hall_statues_u,
          lemuel_mausoleum_altar_kikubaaqudgha, grunt_crypt_arrival_webbed,
          uniq_margery
Crypt:3:  david_glass_crypt, tomb_entry_forgotten_bobbens
Tomb:1:   uniq_jory, uniq_boris
Depths:1: hellmouth_3, serial_sigils, serial_sigils_hangedman_leer,
          serial_sigils_hangedman_scratch, serial_sigils_hangedman_confine,
          serial_sigils_hangedman_snap, kennysheep_potato
Depths:2: minmay_box_of_curves, rand_demon_pan_entry_3,
          grunt_hell_entry_dis_grunt, minmay_misc_feat_diagonals
Depths:3: wad_guarded_room, pan_entry, pf_hell_entry_tar_spiral,
          hangedman_abyss_entry_splay, chequers_big_river, firewood_loft,
          infiniplex_staircase_zigzag_4, uniq_enchantress, uniq_frederick
Depths:4: minmay_connected_triangles_in_corner, enter_ziggurat_e,
          abyss_entry_crystal, pan_entry, hell_entry, lemuel_flamethrower_2,
          infiniplex_staircase_squiggle, grunt_megastairs_2,
          basic_stair_grate_trap
Depths:5: evilmike_zot_entry_round, hell_entry, kennysheep_doodads,
          hangedman_decor_riveting
Abyss:2:  hangedman_abyss_monster_moat
Abyss:3:  hangedman_abyss_or_decor_jellyfish_corner,
          evilmike_nicolae_abyss_rune_containment_curve
Bazaar:   bazaar_minmay_trees
Trove:    trove_jewel_2
IceCv:    ice_cave_tombish

Skill      XL: |  1  2  3  4  5  6  7  8  9 10 11 12 13 14 15 16 17 18 19 20 21 22 23 24 25 26 27 |
---------------+----------------------------------------------------------------------------------+-----
Axes           | 3 4 5 6 7 9 11 13 14 15 16 17 18 19 20 21 22 23 25 26 27 | 27.0
Armour         | 4 5 7 8 9 10 11 12 13 14 15 16 17 | 17.6
Dodging        | 4 5 6 7 9 11 12 14 15 16 17 18 19 | 19.0
Fighting       | 5 6 7 9 10 11 12 13 14 15 16 17 18 | 18.7
Evocations     | 3 5 7 |  7.0
Stealth        | 2 5 7 9 10 12 13 14 | 14.2
Spellcasting   | 2 9 14 | 14.2
Necromancy     | 3 11 16 | 16.8
Summonings     | 5 |  5.1
Transmutations | 11 | 11.3

Action                   |  1- 3 |  4- 6 |  7- 9 | 10-12 | 13-15 | 16-18 | 19-21 | 22-24 | 25-27 || total
-------------------------+-------+-------+-------+-------+-------+-------+-------+-------+-------++-------
Melee: Hand axe          |    90 |   166 |   180 |       |       |       |       |       |       ||   436
       War axe           |       |       |   210 |   940 |   975 |       |       |       |       ||  2125
       Kick              |       |       |    24 |   248 |   416 |       |       |   453 |   888 ||  2029
       Battleaxe         |       |       |       |       |   201 |       |       |    12 |       ||   213
       Broad axe         |       |       |       |       |    50 |       |       |       |       ||    50
       Executioner's axe |       |       |       |       |   480 |  1548 |  1419 |  1780 |  2584 ||  7811
Invok: Berserk           |     2 |     3 |     9 |    14 |    24 |    17 |    12 |     7 |       ||    88
       Brothers in Arms  |       |       |       |     6 |     8 |     6 |     2 |     4 |       ||    26
       Trog's Hand       |       |       |       |       |       |       |     1 |     3 |       ||     4
       Receive Necronomi |       |       |       |       |       |       |       |       |     1 ||     1
       Receive Corpses   |       |       |       |       |       |       |       |       |     1 ||     1
 Abil: Evoke Invisibilit |       |       |       |     1 |       |       |       |       |       ||     1
       Evoke Flight      |       |       |       |       |       |     2 |       |     4 |       ||     6
       Stop Flying       |       |       |       |       |       |       |       |     1 |       ||     1
  Use: Potion            |     2 |     3 |     3 |       |     3 |     5 |     1 |     4 |     6 ||    27
       Scroll            |       |     4 |     8 |     3 |    23 |     6 |     3 |    15 |    18 ||    80
 Stab: Sleeping          |     1 |     3 |     3 |     7 |     4 |     8 |    35 |    23 |    39 ||   123
       Invisible         |       |     7 |     2 |     2 |       |    13 |       |       |       ||    24
       Distracted        |       |       |       |     2 |     2 |     3 |     4 |    23 |    31 ||    65
       Petrified         |       |       |       |       |     4 |       |       |       |       ||     4
       Confused          |       |       |       |       |       |     1 |       |       |       ||     1
       Paralysed         |       |       |       |       |       |       |       |       |     1 ||     1
  Eat: Chunk             |     2 |    10 |    21 |    42 |    85 |    53 |    44 |    42 |    24 ||   323
       Meat ration       |       |       |       |     1 |       |     1 |       |     2 |     2 ||     6
       Fruit             |       |       |       |       |     6 |       |       |       |       ||     6
       Royal jelly       |       |       |       |       |       |     1 |       |       |     1 ||     2
       Bread ration      |       |       |       |       |       |     1 |       |     1 |     3 ||     5
Armor: Animal skin       |    34 |     8 |       |       |       |       |       |       |       ||    42
       Ring mail         |       |    24 |    90 |   250 |   560 |   773 |   437 |   629 |       ||  2763
       Leather armour    |       |       |    18 |    31 |       |       |       |       |       ||    49
       Fire dragon scale |       |       |       |       |       |       |       |    26 |   871 ||   897
Dodge: Dodged            |    54 |   128 |   296 |   754 |  1573 |  2420 |  1388 |  2418 |  2398 || 11429
       Deflected         |       |       |       |       |    12 |    31 |    66 |    45 |    11 ||   165
